 Dungeon Crawl Stone Soup version 0.23-a0-448-g1c01f63 (webtiles) character file.

564888 Cricketeer the Hoplite (level 24, -1/161 HPs)
             Began as a Minotaur Berserker on Nov 21, 2018.
             Was a High Priest of Trog.
             Killed from afar by an efreet (6 damage)
             ... with a fireball
             ... on level 1 of the Depths.
             The game lasted 04:11:25 (63200 turns).

Cricketeer the Hoplite (Minotaur Berserker)        Turns: 63200, Time: 04:11:26

Health: -1/161     AC: 42    Str: 31    XL:     24   Next: 89%
Magic:  15/15      EV: 26    Int:  4    God:    Trog [*****.]
Gold:   4107       SH: 27    Dex: 24    Spells: 23/23 levels left

rFire    + . .     SeeInvis .   r - +6 broad axe of Trog's Hatred {vamp, rElec rC- Dex+4}
rCold    x . .     Gourm    .   a - +5 shield {AC+3}
rNeg     + . .     Faith    .   x - +15 Maxwell's patent armour {-Cast -Tele rElec MR+ rCorr}
rPois    +         Spirit   .   A - +2 hat
rElec    +         Reflect  +   R - scarf {repulsion}
rCorr    +         Harm     .   C - +2 pair of gloves {Dex+3}
MR       +++..     NoTele   +   p - +2 pair of boots {Fly} Stlth ..........NoCast +
                                n - amulet "Cekhlyage" {Reflect rPois rC- MR+ SH+2}
HPRegen  0.00/turn              u - ring of Dutifinu {rC+ rN+}
MPRegen  0.14/turn              U - ring of Qawalos {rCorr +Blink rElec Str+4}

@: berserk cooldown, flying, slowed, studying Fighting, repel missiles, very
slow
A: retaliatory headbutt, horns 2, blurry vision 1, deformed body, deterioration
2, fire resistance 1, frail 3, low mp 3, screaming 2, inhibited regeneration,
teleportitis 1
}: 4/15 runes: decaying, slimy, silver, gossamer
a: Berserk, Trog's Hand, Brothers in Arms, Renounce Religion, Evoke Blink, Stop
Flying


You were on level 1 of the Depths.
You worshipped Trog.
Trog was extremely pleased with you.
You were not hungry.

You visited 10 branches of the dungeon, and saw 48 of its levels.
You visited the Abyss 3 times.
You also visited: Labyrinth, Ossuary and Ice Cave.

You collected 7434 gold pieces.
You spent 3327 gold pieces at shops.

Inventory:

Hand Weapons
 r - the +6 broad axe of Trog's Hatred (weapon) {vamp, rElec rC- Dex+4}
   (Trog gifted it to you on level 3 of the Spider Nest)

   It inflicts no extra harm, but heals its wielder when it wounds a living foe.
   It affects your dexterity (+4).
   It makes you vulnerable to cold.
   It insulates you from electricity.
 J - the cursed +0 whip of the Blowfly {slash, rElec, unknown}
   (You found it on level 3 of the Crypt)

   It inflicts extra damage upon your enemies.
   It insulates you from electricity.
   It has a curse placed upon it.
Missiles
 K - 8 tomahawks of returning (quivered)
Armour
 a - a +5 shield of protection (worn)
 p - a +2 pair of boots of flying (worn)
 x - the +15 Maxwell's patent armour (worn) {-Cast -Tele rElec MR+ rCorr}
   (You took it off a deep elf high priest on level 3 of the Elven Halls)

   It insulates you from electricity.
   It affects your resistance to hostile enchantments.
   It prevents spellcasting.
   It prevents most forms of teleportation.
   It provides partial protection from all sources of acid and corrosion.
 A - a +2 hat (worn)
 C - a +2 pair of gloves of dexterity (worn)
 D - a +2 plate armour of fire resistance
 R - a scarf of repulsion (worn)
 X - the +6 plate armour of Intercession {rElec rC+ Str-4}
   (You bought it in a shop on level 2 of the Orcish Mines)

   It affects your strength (-4).
   It protects you from cold.
   It insulates you from electricity.
 Z - a scarf of resistance
Jewellery
 b - the ring "Wuheh" {rPois MR+}
   (You took it off Jory on level 5 of the Vaults)

   [ring of poison resistance]

   It protects you from poison.
   It affects your resistance to hostile enchantments.
 n - the amulet "Cekhlyage" (around neck) {Reflect rPois rC- MR+ SH+2}
   (You found it on level 3 of the Crypt)

   [amulet of reflection]

   It shields you and reflects attacks.
   It makes you vulnerable to cold.
   It protects you from poison.
   It affects your resistance to hostile enchantments.
   It affects your SH (+2).
 q - an uncursed amulet of the gourmand
 u - the ring of Dutifinu (left hand) {rC+ rN+}
   (You found it on level 3 of the Crypt)

   [ring of protection from cold]

   It protects you from cold.
   It protects you from negative energy.
 G - a +6 amulet of reflection
 Q - the ring "Ferempeo" {rElec rF- rN+ MR+ Int+7}
   (You found it on level 1 of the Orcish Mines)

   [ring of protection from magic]

   It affects your intelligence (+7).
   It makes you vulnerable to fire.
   It insulates you from electricity.
   It protects you from negative energy.
   It affects your resistance to hostile enchantments.
 U - the ring of Qawalos (right hand) {rCorr +Blink rElec Str+4}
   (You took it off a deep elf annihilator on level 3 of the Elven Halls)

   [ring of resist corrosion]

   It affects your strength (+4).
   It insulates you from electricity.
   It lets you blink.
Wands
 y - a wand of digging (20)
 H - a wand of flame (122)
 Y - a wand of random effects (11)
Scrolls
 f - 13 scrolls of identify
 j - 7 scrolls of immolation
 l - 6 scrolls of magic mapping
 m - 11 scrolls of fog
 o - 29 scrolls of remove curse
 s - 6 scrolls of enchant weapon
 t - 15 scrolls of teleportation
 z - 2 scrolls of torment
 N - 6 scrolls of enchant armour
 O - 4 scrolls of silence
 P - a scroll of holy word
 S - 4 scrolls of summoning
 T - 4 scrolls of blinking
 V - 5 scrolls of fear
Potions
 d - 3 potions of invisibility
 g - 7 potions of might
 h - 2 potions of heal wounds
 i - 8 potions of haste
 k - 7 potions of curing
 v - 11 potions of cancellation
 w - 3 potions of magic
 B - 7 potions of brilliance
 E - 5 potions of resistance
 F - a potion of berserk rage
 I - 6 potions of ambrosia
 L - 6 potions of mutation
 M - 3 potions of lignification
 W - 5 potions of agility
Books
 e - a manual of Fighting
Comestibles
 c - 39 rations


   Skills:
 + Level 22.0 Fighting
 + Level 24.0 Axes
 + Level 21.6 Armour
 + Level 20.1 Dodging
 * Level 25.0 Shields


You had 23 spell levels left.
You didn't know any spells.
Your spell library was empty.

Dungeon Overview and Level Annotations

Branches:
Dungeon (15/15)            Temple (0/1) D:7            Lair (6/6) D:8
  Swamp (4/4) Lair:2       Spider (4/4) Lair:4        Slime (5/5) Lair:6
    Orc (2/2) D:12            Elf (3/3) Orc:2        Vaults (5/5) D:14
  Crypt (3/3) Vaults:2       Tomb (0/3) Crypt:3      Depths (1/5) D:15

Altars:
Dithmenos
Elyvilon
Fedhas
Kikubaaqudgha
Nemelex Xobeh
Sif Muna
Uskayaw
Vehumet
Xom
Zin
Beogh
Jiyva

Shops:
D:3 *   D:4 =   D:6 ?   D:12 ?   D:14 (   Orc:2 ??}[   Vaults:2 [   Vaults:5 (

Portals:
Abyss: Depths:1
Ziggurat: Depths:1

Annotations:
D:8 exclusion: ice statue
D:14 exclusion: orange crystal statue
Lair:4 exclusion: oklob plant


Innate Abilities, Weirdness & Mutations

You reflexively headbutt those who attack you in melee.
You have a pair of horns on your head.
Scrolls take you a little longer to read.
Armour fits poorly on your strangely shaped body.
Your body often deteriorates upon taking damage.
Your flesh is heat resistant. (rF+)
You are extremely frail. (-30% HP)
Your magical capacity is extremely low. (-30% MP)
You sometimes yell uncontrollably at your foes.
You do not regenerate when monsters are visible.
You are occasionally teleported next to monsters.


Message History

You're still recovering from your berserk rage.
You feel better. You block the fire elemental's attack.
The efreet completely misses you. You furiously retaliate!
You headbutt the efreet. The fire elemental hits you.
The fire elemental burns you! You resist.
* * * LOW HITPOINT WARNING * * *
The efreet gestures at you.
The fireball explodes!
The fireball engulfs you! You resist.
* * * LOW HITPOINT WARNING * * *
The fireball engulfs the fire elemental.
The fire elemental completely resists.
The fireball engulfs the efreet.
The efreet completely resists.
You hear a shout!
You hear two shouts! x2; You hear a shout!
You hear two shouts!
Your iron troll goes berserk!
You feel quite a bit more hungry. The fire elemental closely misses you.
You furiously retaliate!
You headbutt the fire elemental! The efreet gestures at you.
The fireball explodes!
The fireball engulfs you! You resist.
You die...

########## #### #####........#
#... ..########....(.#####.#
#.##
.......))))...#..####.#####.##
..########(....#...().(...(...
##..###..#(..#.#####.##
#..#...#).#..#.# #.#
#..#...R#..#.##'## #.#
..c.#..E@.T.#...... ###
.....#..#....#...... .....
#..#...#.......
.......#..###........
....#............
......#........... ...
.............. .
...............
................


You could see an efreet, a fire elemental and a friendly iron troll (berserk).

Vanquished Creatures
  the Royal Jelly (Slime:5)
  An ancient lich (Vaults:5)
  Mennas (Crypt:1)
  Margery (Vaults:5)
  Frederick (Vaults:4)
  A golden dragon (Vaults:5)
  A bone dragon (Swamp:4)
  5 tentacled monstrosities
  6 liches
  Rupert (D:14)
  Jorgrun (Swamp:3)
  A quicksilver dragon (Vaults:5)
  3 tentacled starspawn (Abyss:1)
  3 titans (Vaults:5)
  A deep elf master archer (Elf:3)
  5 ancient champions
  Agnes (Spider:4)
  13 acid blobs
  4 tengu reavers (Vaults:5)
  3 sphinxes
  A thorn hunter (Swamp:4)
  4 shadow dragons (Vaults:5)
  A draconian monk (Abyss:1)
  2 storm dragons (Vaults:5)
  14 azure jellies
  6 revenants
  4 frost giants
  10 deep elf sorcerers
  The ghost of drazt1k the Black Belt, an adept OpTm of Okawaru (Spider:1)
  3 fire giants (Vaults:5)
  3 vault wardens (Vaults:5)
  2 orc warlords
  A balrug (Abyss:1)
  3 curse skulls
  5 emperor scorpions
  6 ghost moths
  Louise (Depths:1)
  8 ghouls
  7 deep elf elementalists
  2 cacodemons (Vaults:3)
  3 reapers
  11 ironheart preservers
  14 very ugly things
  4 entropy weavers
  4 vampire knights (Crypt:2)
  6 stone giants
  8 deep elf demonologists
  A black draconian (Abyss:1)
  A minotaur (Lab)
  A spark wasp (Spider:2)
  A yellow draconian (Abyss:2)
  14 deep elf annihilators
  9 ettins
  15 eidola
  2 mummy priests
  8 death oozes
  11 deep elf death magi
  A crystal guardian (Abyss:2)
  A blizzard demon (Abyss:1)
  2 green deaths (Abyss:1)
  5 fire dragons
  Josephine (Lair:4)
  10 deep elf high priests
  4 great orbs of eyes
  9 yaktaur captains
  9 jiangshi
  An ice dragon (Vaults:4)
  14 hydras
  A spriggan air mage (Depths:1)
  A shambling mangrove (Swamp:1)
  2 quicksilver dragon skeletons
  A catoblepas (Elf:2)
  11 centaur warriors
  22 vault guards
  6 ghost crabs
  10 alligators
  31 two-headed ogres
  A tengu warrior (D:14)
  23 dancing weapons
  5 death knights
  A queen ant (Lair:3)
  10 ogre magi
  The ghost of Thrax the Basher, a novice DsFi of Qazlal (D:13)
  5 deep troll earth magi
  A titan zombie (Crypt:2)
  7 vampire magi
  6 thrashing horrors
  2 storm dragon zombies
  Urug (D:14)
  4 hell knights (Vaults:5)
  6 soul eaters
  8 orc high priests
  A titan skeleton (Crypt:3)
  17 deep elf knights
  3 spriggans (Swamp:4)
  A shadow wraith (Vaults:5)
  A spatial maelstrom (Abyss:1)
  2 wretched stars
  20 skeletal warriors
  4 glowing orange brains
  5 swamp dragons
  A spark wasp zombie (Crypt:2)
  5 flayed ghosts
  2 anaconda zombies (Crypt:3)
  6 deep trolls
  9 starcursed masses (Abyss:1)
  A spectral hydra (Swamp:4)
  2 swamp dragons (shapeshifter)
  4 unseen horrors
  5 wizards
  4 harpies
  5 ironbrand convokers
  A golden dragon skeleton (Abyss:2)
  29 orc knights
  28 deep elf archers
  A sphinx zombie (Vaults:2)
  3 wolf spider zombies
  11 phantasmal warriors
  Pikel (D:5)
  15 necromancers
  57 deep elf magi
  A shadow dragon zombie (Crypt:3)
  9 shining eyes
  A stone giant zombie (Crypt:3)
  23 wolf spiders
  A frost giant zombie (Crypt:3)
  9 orb spiders
  5 orc sorcerers
  2 worldbinders (Abyss:1)
  24 ugly things
  2 fire giant zombies (Crypt:3)
  10 manticores
  An oklob plant (Swamp:4)
  A frost giant skeleton (Crypt:3)
  A fire giant skeleton (Crypt:2)
  10 elephants (Lair:6)
  2 guardian serpents (shapeshifter) (Vaults:3)
  2 stone giant skeletons (Crypt:3)
  A shadow dragon skeleton (Crypt:3)
  9 vault sentinels
  A water nymph (shapeshifter) (Vaults:3)
  An eye of devastation (Slime:5)
  A guardian serpent (Lair:6)
  A torpor snail (Spider:3)
  3 orange demons (Abyss:1)
  A smoke demon (Abyss:1)
  8 black mambas (Lair:6)
  15 spiny frogs
  A naga mage (D:15)
  3 spiny frogs (shapeshifter)
  A catoblepas zombie (Crypt:3)
  A gargoyle (D:12)
  4 swamp worm zombies (Swamp:4)
  5 komodo dragons
  2 rime drakes (Lair:6)
  3 efreet
  A shock serpent skeleton (Crypt:3)
  9 yaktaurs
  3 hellions
  2 kobold demonologists
  16 freezing wraiths
  13 hellwings (Crypt:3)
  12 demonic crawlers
  2 queen bees
  2 guardian mummies (Crypt:3)
  A yaktaur (shapeshifter) (Vaults:4)
  3 ancient zymes
  3 hydra zombies (Swamp:4)
  2 queen bees (shapeshifter)
  9 trolls
  21 jumping spiders
  12 tyrant leeches
  23 hornets
  69 slime creatures
  A dream sheep (shapeshifter) (Vaults:5)
  8 hippogriffs
  4 raiju
  13 bog bodies
  2 ettin zombies
  A satyr zombie (Crypt:1)
  3 spectral swamp dragons (Swamp:4)
  5 blink frogs (Lair:6)
  4 alligator zombies (Swamp:4)
  2 human simulacra (Vaults:2)
  A fire dragon zombie (Crypt:3)
  28 tarantellas
  4 flying skulls (Crypt:1)
  An ice dragon zombie (Crypt:3)
  65 redbacks
  2 air elementals (Elf:1)
  A fire dragon skeleton (Crypt:2)
  Sigmund (D:2)
  18 wraiths
  2 ynoxinuls
  10 shadows
  3 water elementals
  An ice dragon skeleton (Crypt:3)
  2 ettin skeletons (Crypt:3)
  A yak (shapeshifter) (Vaults:5)
  2 vampires
  3 fire bats (Abyss:2)
  A black mamba skeleton (Crypt:2)
  4 basilisks
  27 yaks
  10 wyverns
  An ushabti (Crypt:3)
  2 fire elementals (Elf:2)
  10 humans (D:14)
  5 golden eyes
  2 steam dragons (shapeshifter) (Vaults:3)
  3 steam dragons
  A hungry ghost (D:7)
  13 vampire mosquitoes
  7 neqoxecs
  A faun zombie (Crypt:1)
  2 chaos spawn
  8 insubstantial wisps (Swamp:4)
  11 wargs
  Edmund (D:4)
  2 deep troll zombies
  A spiny frog zombie (Crypt:3)
  A two-headed ogre zombie (Crypt:1)
  9 swamp worms
  A naga (shapeshifter) (Vaults:3)
  7 large abominations
  20 soldier ants (Lair:3)
  4 acid dragons
  16 water moccasins
  A floating eye (Slime:4)
  4 hell hounds (Elf:2)
  10 swamp drakes
  A manticore zombie (Crypt:3)
  7 porcupines
  70 orc warriors
  A slave (D:5)
  A hornet zombie (D:9)
  4 swamp dragon zombies (Swamp:4)
  11 ice beasts
  An eye of draining (shapeshifter) (Elf:2)
  6 eyes of draining
  2 human zombies
  12 necrophages
  6 sky beasts
  A manticore skeleton (Crypt:3)
  24 ogres
  4 boggarts (Vaults:2)
  3 black bears
  33 wolves
  6 phantoms
  A snapping turtle skeleton (Crypt:3)
  A hog zombie (Crypt:1)
  20 centaurs
  16 crocodiles
  2 big kobolds
  Blork the orc (D:4)
  An ogre simulacrum (Vaults:1)
  3 earth elementals
  An elf skeleton (Crypt:1)
  17 bullfrogs
  8 wyvern skeletons
  5 scorpions
  39 killer bees
  A raiju skeleton (Crypt:1)
  30 wights
  4 electric eels
  A howler monkey (D:13)
  6 crimson imps
  7 centaur zombies
  10 hounds
  6 quasits
  A bullfrog zombie (D:11)
  9 small abominations
  A bullfrog skeleton (D:6)
  8 jellies
  A basilisk zombie (Crypt:1)
  50 orc priests
  A basilisk skeleton (Crypt:1)
  7 centaur skeletons
  Crazy Yiuf (D:4)
  3 iron imps (Abyss:1)
  Natasha (twice) (D:2)
  6 iguanas
  30 orc wizards
  Ijyb (D:4)
  2 spectral swamp drakes (Swamp:4)
  26 worker ants
  3 yak simulacra (D:9)
  A killer bee zombie (D:9)
  4 wolf simulacra (D:9)
  A dwarf zombie (Crypt:2)
  A hound zombie (D:9)
  3 mummies (Ossuary)
  2 hound skeletons
  7 gnolls
  2 howler monkey skeletons
  12 adders
  6 river rats (D:5)
  A shadow imp (D:11)
  2 white imps
  2 ufetubi
  An ooze (D:4)
  2 adder zombies
  An adder skeleton (D:4)
  3 worms
  A dart slug (D:2)
  5 leopard geckos
  144 orcs
  5 giant cockroaches
  2 gnoll zombies (Ossuary)
  9 goblins
  7 hobgoblins
  3 jackals (D:3)
  15 kobolds
  A kobold (shapeshifter) (Vaults:3)
  7 quokkas
  4 ball pythons
  A ball python zombie (D:6)
  9 bats
  A dart slug zombie (Crypt:2)
  3 frilled lizards
  A goblin skeleton (Crypt:2)
  A goblin zombie (Ossuary)
  3 hobgoblin zombies (Ossuary)
  2 jackal skeletons
  A kobold skeleton (Crypt:2)
  5 kobold zombies (Ossuary)
  A quokka skeleton (D:4)
  2 quokka zombies (Ossuary)
  12 rats
  4 rat zombies (Ossuary)
  4 river rat simulacra (D:9)
  3 crawling corpses
  62 fungi
  A lurking horror (Abyss:2)
  11 plants
  4 starspawn tentacles (Abyss:1)
  6 withered plants (Crypt:3)
2375 creatures vanquished.

Vanquished Creatures (collateral kills)
  2 ancient liches (Crypt:3)
  2 golden dragons (Vaults:5)
  Jory (Vaults:5)
  A bone dragon (Abyss:1)
  2 tentacled monstrosities (Vaults:3)
  The ghost of Ojaxim the Severer, an adept MiFi of Okawaru (Vaults:3)
  2 revenants (Crypt:2)
  A vault warden (Vaults:5)
  An iron dragon (Vaults:5)
  A deep elf sorcerer (Elf:3)
  6 very ugly things
  A stone giant (Vaults:5)
  2 eidola (Crypt:2)
  A yaktaur captain (Vaults:5)
  2 death oozes (Slime:5)
  A great orb of eyes (Vaults:5)
  A fire dragon (Elf:2)
  3 vault guards (Vaults:5)
  A centaur warrior (D:14)
  An orc high priest (Orc:2)
  A deep elf knight (Vaults:2)
  A deep elf archer (Vaults:2)
  2 spectral hydras (Swamp:4)
  A flayed ghost (Vaults:2)
  A phantasmal warrior (Vaults:2)
  A glowing orange brain (Vaults:3)
  An orc knight (Vaults:5)
  4 deep elf magi
  A vault sentinel (Vaults:2)
  3 yaktaurs (Depths:1)
  2 freezing wraiths (Vaults:2)
  A catoblepas skeleton (Crypt:2)
  4 slime creatures (D:14)
  A large abomination (Abyss:1)
  6 humans (D:14)
  A warg (Vaults:5)
  A sky beast (D:14)
  4 orc warriors
  An ogre (D:14)
  3 phantoms (Swamp:4)
  A starcursed mass (Abyss:1)
  2 centaurs (D:14)
  5 wights (D:14)
  8 orc priests (Orc:2)
  5 orcs (Orc:2)
  A crawling corpse (Vaults:5)
95 creatures vanquished.

Vanquished Creatures (others)
  A lich (Vaults:5)
  2 deep elf master archers (Elf:3)
  An ironheart preserver (Vaults:5)
  2 stone giants
  A deep elf high priest (Elf:3)
  2 yaktaur captains
  A two-headed ogre (Depths:1)
  An alligator (Swamp:4)
  A wretched star (Abyss:1)
  A deep elf knight (Elf:2)
  An orc knight (Vaults:2)
  5 deep elf archers
  A deep elf mage (Elf:1)
  5 yaktaurs
  A tyrant leech (Swamp:4)
  A redback (Spider:1)
  A swamp worm (Swamp:4)
  7 insubstantial wisps (Swamp:4)
  A slave (D:5)
  An orc warrior (Vaults:2)
  2 centaurs
  A small abomination (Abyss:2)
  An orc priest (Elf:1)
  A hound skeleton (D:5)
  A shadow imp (D:14)
  An ufetubus (Abyss:1)
  6 orcs
  2 briar patches (Swamp:4)
  A crawling corpse (Vaults:5)
  10 fungi
  A lurking horror (Abyss:2)
  28 plants
  4 starspawn tentacles (Abyss:1)
  19 withered plants (Crypt:3)
115 creatures vanquished.

Grand Total: 2585 creatures vanquished

Notes
Turn   | Place    | Note
-------+----------+-------------------------------------------
     0 | D:1      | Cricketeer the Minotaur Berserker began the quest for the
                  | Orb.
     0 | D:1      | Reached XP level 1. HP: 19/19 MP: 0/0
   348 | D:1      | Reached XP level 2. HP: 25/27 MP: 1/1
  1001 | D:2      | Noticed Sigmund
  1009 | D:2      | Reached XP level 3. HP: 26/33 MP: 2/2
  1011 | D:2      | Killed Sigmund
  1011 | D:2      | Reached skill level 5 in Axes
  1011 | D:2      | Reached XP level 4. HP: 28/41 MP: 3/3
  1011 | D:2      | Reached XP level 5. HP: 33/47 MP: 4/4
  1453 | D:2      | Noticed Natasha
  1460 | D:2      | Killed Natasha
  1571 | D:2      | Reached ** piety under Trog
  1593 | D:2      | Noticed Natasha
  1602 | D:2      | Killed Natasha
  1636 | D:2      | Reached XP level 6. HP: 42/55 MP: 5/5
  1826 | D:3      | Reached skill level 5 in Fighting
  1982 | D:3      | Found Zin's Purification Station.
  1985 | D:3      | Found a glowing silver altar of Zin.
  2176 | D:4      | Noticed Blork the orc
  2185 | D:4      | Killed Blork the orc
  2252 | D:4      | Found Lagikkusm's Jewellery Emporium.
  2286 | D:4      | Reached XP level 7. HP: 58/61 MP: 6/6
  2394 | D:4      | Noticed Edmund
  2394 | D:4      | Noticed Ijyb
  2402 | D:4      | Killed Edmund
  2406 | D:4      | Killed Ijyb
  2495 | D:4      | Found a runed door.
  2658 | D:4      | Noticed Crazy Yiuf
  2666 | D:4      | Killed Crazy Yiuf
  2666 | D:4      | Reached *** piety under Trog
  2666 | D:4      | Reached skill level 5 in Armour
  2739 | D:5      | Entered Level 5 of the Dungeon
  2857 | D:5      | Noticed Pikel
  2871 | D:5      | Killed Pikel
  2871 | D:5      | Reached skill level 5 in Dodging
  2871 | D:5      | Reached XP level 8. HP: 25/71 MP: 7/7
  3131 | D:5      | Found Igibuwudd's Assorted Antiques.
  3861 | D:5      | Found a sparkling altar of Nemelex Xobeh.
  4137 | D:6      | Reached XP level 9. HP: 41/79 MP: 8/8
  4198 | D:6      | Reached **** piety under Trog
  4448 | D:6      | Found Essannam's Magic Scroll Emporium.
  4461 | D:6      | Bought a scroll of identify for 26 gold pieces
  4461 | D:6      | Bought a scroll of identify for 26 gold pieces
  4461 | D:6      | Bought a scroll of identify for 26 gold pieces
  4461 | D:6      | Bought a scroll of identify for 26 gold pieces
  4461 | D:6      | Bought a scroll of identify for 26 gold pieces
  4461 | D:6      | Bought a scroll of identify for 26 gold pieces
  4627 | D:6      | Found an ancient bone altar of Kikubaaqudgha.
  4690 | D:6      | Found a sand-covered staircase.
  4695 | Ossuary  | Entered an ossuary
  4699 | Ossuary  | Reached skill level 10 in Axes
  5525 | D:6      | Identified a scroll of acquirement
  5702 | D:7      | Found a staircase to the Ecumenical Temple.
  5839 | D:7      | Reached ***** piety under Trog
  5840 | D:7      | Identified the +5 whip of Ointment {slash, rElec rPois
                  | MP+9}
  5962 | D:7      | Found a hide-covered altar of Uskayaw.
  6133 | D:8      | Noticed an ice devil
  6140 | D:8      | Noticed an ice devil
  6140 | D:8      | Noticed an ice devil
  6141 | D:8      | Noticed an ice devil
  6156 | D:8      | Noticed an ice devil
  6207 | D:8      | Noticed an ice statue
  6230 | D:8      | Noticed an ice devil
  6473 | D:8      | Noticed a komodo dragon
  6483 | D:8      | Killed a komodo dragon
  6483 | D:8      | Reached XP level 10. HP: 90/90 MP: 9/9
  6598 | D:8      | Found a blossoming altar of Fedhas.
  6921 | D:8      | Found a staircase to the Lair.
  7086 | D:9      | Found a white marble altar of Elyvilon.
  7602 | D:9      | Received a gift from Trog
  8056 | D:9      | Noticed a necromancer
  8061 | D:9      | Killed a necromancer
  8410 | D:10     | Entered Level 10 of the Dungeon
  8878 | D:10     | Received a gift from Trog
  8945 | D:10     | Reached XP level 11. HP: 99/99 MP: 10/10
  9314 | D:11     | Reached skill level 10 in Fighting
  9374 | D:11     | Noticed a two-headed ogre
  9381 | D:11     | Killed a two-headed ogre
  9670 | D:11     | Noticed an eight-headed hydra
  9680 | D:11     | Killed a 13-headed hydra
  9680 | D:11     | Reached skill level 10 in Armour
 10074 | D:11     | Noticed a death knight
 10082 | D:11     | Killed a death knight
 10499 | D:11     | Received a gift from Trog
 11107 | D:12     | Found a staircase to the Orcish Mines.
 11119 | D:12     | Found a roughly hewn altar of Beogh.
 11187 | D:12     | Killed an unseen horror
 11187 | D:12     | Reached XP level 12. HP: 75/110 MP: 11/11
 11524 | D:12     | Noticed a sphinx
 11531 | D:12     | Noticed an ogre mage
 11533 | D:12     | Killed a sphinx
 11533 | D:12     | Reached skill level 10 in Dodging
 11539 | D:12     | Killed an ogre mage
 11539 | D:12     | Reached skill level 15 in Axes
 11729 | D:12     | Noticed a yaktaur captain
 11747 | D:12     | Killed a yaktaur captain
 11773 | D:12     | Noticed a deep troll earth mage
 11780 | D:12     | Killed a deep troll earth mage
 12172 | D:12     | Found Roligh's Magic Scroll Shoppe.
 12179 | D:12     | Bought a scroll of identify for 26 gold pieces
 12179 | D:12     | Bought a scroll of identify for 26 gold pieces
 12179 | D:12     | Bought 2 scrolls of identify for 52 gold pieces
 12422 | D:12     | Got a faintly glowing scimitar
 12428 | D:12     | Identified the +7 scimitar of Karma {speed, SInv} (You
                  | found it on level 12 of the Dungeon)
 12611 | Lair:1   | Entered Level 1 of the Lair of Beasts
 12684 | Lair:1   | Received a gift from Trog
 12785 | Lair:1   | Noticed a four-headed hydra
 13161 | Lair:1   | Killed a nine-headed hydra
 13217 | Lair:1   | Reached XP level 13. HP: 100/118 MP: 12/12
 14265 | Lair:2   | Found a staircase to the Swamp.
 14605 | Lair:2   | Gained mutation: Your magical capacity is low. (-10% MP)
                  | [potion of mutation]
 14605 | Lair:2   | Gained mutation: You have sharp toenails. [potion of
                  | mutation]
 14606 | Lair:2   | Lost mutation: Your magical capacity is low. (-10% MP)
                  | [potion of mutation]
 14606 | Lair:2   | Lost mutation: You have sharp toenails. [potion of
                  | mutation]
 14606 | Lair:2   | Gained mutation: Your magical capacity is low. (-10% MP)
                  | [potion of mutation]
 14606 | Lair:2   | Gained mutation: You are resistant to electric shocks.
                  | (rElec) [potion of mutation]
 14606 | Lair:2   | Gained mutation: You have a pair of large horns on your
                  | head. [potion of mutation]
 14606 | Lair:2   | Gained mutation: You have large cloven feet. [potion of
                  | mutation]
 14607 | Lair:2   | Lost mutation: Your magical capacity is low. (-10% MP)
                  | [potion of mutation]
 14607 | Lair:2   | Lost mutation: You have a pair of large horns on your head.
                  | [potion of mutation]
 14607 | Lair:2   | Lost mutation: You have large cloven feet. [potion of
                  | mutation]
 14607 | Lair:2   | Gained mutation: You are clumsy. (Dex -2) [potion of
                  | mutation]
 14607 | Lair:2   | Gained mutation: Your flesh is heat resistant. (rF+)
                  | [potion of mutation]
 15087 | Lair:3   | Found a frozen archway.
 15139 | IceCv    | Entered an ice cave
 15148 | IceCv    | Reached ****** piety under Trog
 15151 | IceCv    | Found a transporter.
 15965 | Lair:4   | Found a hole to the Spider Nest.
 16002 | Lair:4   | Found a labyrinth entrance.
 16017 | Lab      | Entered a labyrinth
 16255 | Lab      | Noticed a minotaur
 16270 | Lab      | Killed a minotaur
 16276 | Lab      | Identified the Collected Works on Confrontation and Ice
 16289 | Lab      | Identified Liurgh's Volume of the Compass
 16698 | Lair:4   | Received a gift from Trog
 16737 | Lair:4   | Noticed Josephine
 16750 | Lair:4   | Killed Josephine
 17720 | Lair:5   | Reached skill level 1 in Shields
 17800 | Lair:5   | Reached skill level 2 in Shields
 18117 | Lair:6   | Entered Level 6 of the Lair of Beasts
 18204 | Lair:6   | Reached XP level 14. HP: 18/129 MP: 13/13
 18629 | Lair:6   | Reached skill level 3 in Shields
 18822 | Lair:6   | Reached skill level 4 in Shields
 18880 | Lair:6   | Found a viscous altar of Jiyva.
 18880 | Lair:6   | Found a staircase to the Slime Pits.
 18947 | Lair:6   | Reached skill level 5 in Shields
 19118 | Lair:6   | Reached skill level 6 in Shields
 19240 | Lair:6   | Received a gift from Trog
 19830 | Lair:6   | Got a transparent chain mail
 20240 | Lair:6   | Identified the cursed +1 chain mail "Meileoxeonn" {*Corrode
                  | *Slow rF+++ rN+++} (You found it on level 6 of the Lair of
                  | Beasts)
 20650 | D:13     | Reached skill level 7 in Shields
 20848 | D:13     | Noticed Thrax's ghost (novice DsFi)
 20849 | D:13     | Found a transporter.
 20855 | D:13     | Found a transporter.
 20936 | D:13     | You fall through a shaft for 2 floors!
 20936 | D:15     | Entered Level 15 of the Dungeon
 21089 | D:15     | Reached skill level 8 in Shields
 21100 | D:15     | Found a staircase to the Depths.
 21216 | D:15     | Received a gift from Trog
 21300 | D:14     | Reached XP level 15. HP: 113/138 MP: 14/14
 21367 | D:14     | Reached skill level 9 in Shields
 21380 | D:14     | Noticed Urug
 21392 | D:14     | Killed Urug
 21480 | D:14     | Found Vediopocs's Antique Weapon Shop.
 21539 | D:14     | Found a gate to the Vaults.
 21765 | D:14     | Received a gift from Trog
 22119 | D:14     | Found a white marble altar of Elyvilon.
 22237 | D:14     | Noticed Rupert
 22253 | D:14     | Killed Rupert
 22471 | D:14     | Reached skill level 10 in Shields
 22857 | D:13     | Killed Thrax's ghost
 23626 | Orc:1    | Entered Level 1 of the Orcish Mines
 23750 | Orc:1    | Noticed an orc warlord
 23761 | Orc:1    | Killed an orc warlord
 23769 | Orc:1    | Received a gift from Trog
 23917 | Orc:1    | Got a vibrating granite ring
 23989 | Orc:1    | Found a roughly hewn altar of Beogh.
 24009 | Orc:1    | Reached skill level 11 in Shields
 24585 | Orc:1    | Found a roughly hewn altar of Beogh.
 24680 | Orc:1    | Received a gift from Trog
 24756 | Orc:2    | Entered Level 2 of the Orcish Mines
 24783 | Orc:2    | Found Jeidaipe's Antique Weapon Boutique.
 24832 | Orc:2    | Found a roughly hewn altar of Beogh.
 24969 | Orc:2    | Found Behim's Magic Scroll Shop.
 24969 | Orc:2    | Found Urhaleurph's Magic Scroll Emporium.
 25337 | Orc:2    | Found a staircase to the Elven Halls.
 25479 | Orc:2    | Reached skill level 15 in Fighting
 25636 | Orc:2    | Found Kaodd's Antique Armour Shop.
 25654 | Orc:2    | Found Fos Icke's Gadget Emporium.
 25707 | Orc:2    | Received a gift from Trog
 25714 | Orc:2    | Found a roughly hewn altar of Beogh.
 25856 | Orc:2    | Bought a warped plate armour for 1036 gold pieces
 25866 | Orc:2    | Identified the +6 plate armour of Intercession {rElec rC+
                  | Str-4} (You bought it in a shop on level 2 of the Orcish
                  | Mines)
 25896 | Orc:2    | Bought a scroll of acquirement for 676 gold pieces
 25900 | Orc:2    | Got a bloodstained war axe
 25902 | Orc:2    | Identified the +2 war axe of Hyg Bove {protect, rC+} (You
                  | acquired it on level 2 of the Orcish Mines)
 25911 | Orc:2    | Identified the ring "Ferempeo" {rElec rF- rN+ MR+ Int+7}
                  | (You found it on level 1 of the Orcish Mines)
 25918 | Orc:2    | Bought a scroll of identify for 26 gold pieces
 25918 | Orc:2    | Bought a scroll of magic mapping for 45 gold pieces
 25931 | Orc:2    | Bought a scroll of blinking for 112 gold pieces
 26193 | Swamp:1  | Entered Level 1 of the Swamp
 26529 | Lair:2   | Reached XP level 16. HP: 38/149 MP: 15/15
 26542 | Lair:2   | HP: 7/149 [poisoned by a swamp dragon (poison gas)]
 26547 | Lair:2   | HP: 5/149 [poisoned by a swamp dragon (poison gas)]
 26553 | Lair:2   | HP: 4/149 [poisoned by a swamp dragon (poison gas)]
 26560 | Lair:2   | HP: 4/149 [poisoned by a swamp dragon (poison gas)]
 28497 | Swamp:2  | Reached skill level 12 in Shields
 28515 | Swamp:2  | Noticed a tentacled monstrosity
 28530 | Swamp:2  | Killed a tentacled monstrosity
 28669 | Swamp:2  | Reached skill level 15 in Armour
 29333 | Swamp:3  | Noticed Jorgrun
 29367 | Swamp:3  | Killed Jorgrun
 29864 | Swamp:3  | Found a shadowy altar of Dithmenos.
 29941 | Swamp:4  | Entered Level 4 of the Swamp
 30049 | Swamp:4  | Reached skill level 13 in Shields
 30092 | Swamp:4  | Noticed a thorn hunter
 30114 | Swamp:4  | Killed a thorn hunter
 30699 | Swamp:4  | Received a gift from Trog
 31603 | Swamp:4  | Noticed a bone dragon
 31627 | Swamp:4  | Killed a bone dragon
 31708 | Swamp:4  | Got a decaying rune of Zot
 32334 | Spider:1 | Entered Level 1 of the Spider Nest
 32334 | Spider:1 | Found a runed door.
 32376 | Spider:1 | Found a shimmering altar of Xom.
 32377 | Spider:1 | Noticed drazt1k's ghost (adept OpTm)
 32443 | Spider:1 | Reached XP level 17. HP: 156/156 MP: 16/16
 32445 | Spider:1 | Killed drazt1k's ghost
 32472 | Spider:1 | Reached skill level 14 in Shields
 32512 | Spider:1 | Received a gift from Trog
 34323 | Spider:3 | Received a gift from Trog
 34335 | Spider:3 | Got a scorched broad axe {god gift}
 34391 | Spider:2 | Identified the +6 broad axe of Trog's Hatred {vamp, rElec
                  | rC- Dex+4} (Trog gifted it to you on level 3 of the Spider
                  | Nest)
 34441 | Spider:3 | Reached skill level 15 in Shields
 34925 | Spider:4 | Entered Level 4 of the Spider Nest
 34929 | Spider:4 | Reached skill level 15 in Dodging
 35414 | Spider:4 | Received a gift from Trog
 35554 | Spider:4 | Noticed Agnes
 35561 | Spider:4 | Killed Agnes
 35717 | Spider:4 | Got a gossamer rune of Zot
 36267 | D:4      | Bought an uncursed ring of resist corrosion for 220 gold
                  | pieces
 36479 | Elf:1    | Entered Level 1 of the Elven Halls
 36708 | Elf:1    | Identified the +5 broad axe of the Vendetta {chop, rN+}
 36723 | Elf:1    | Reached XP level 18. HP: 168/168 MP: 17/17
 36769 | Elf:1    | Noticed a Brimstone Fiend
 37290 | Elf:1    | Reached skill level 16 in Shields
 37401 | Elf:1    | Found a radiant altar of Vehumet.
 37942 | Elf:2    | Received a gift from Trog
 38208 | Elf:2    | Found a runed gate.
 38208 | Elf:2    | Found a runed gate.
 38211 | Elf:2    | Found a runed gate.
 38721 | Elf:2    | Reached skill level 17 in Shields
 38721 | Elf:2    | Received a gift from Trog
 39105 | Elf:3    | Entered Level 3 of the Elven Halls
 39137 | Elf:3    | Found a deep blue altar of Sif Muna.
 39180 | Elf:3    | Noticed a Hell Sentinel
 39452 | Elf:3    | Cast into level 2 of the Abyss (a deep elf sorcerer)
 39499 | Abyss:2  | Noticed a lich
 39503 | Abyss:2  | Killed a lich
 39719 | Abyss:2  | Reached XP level 19. HP: 119/177 MP: 18/18
 39823 | Abyss:2  | Gained mutation: Armour fits poorly on your strangely
                  | shaped body. [a neqoxec]
 39989 | Elf:3    | Escaped the Abyss
 40287 | Elf:3    | Received a gift from Trog
 40677 | Elf:3    | Identified the ring of Qawalos {rCorr +Blink rElec Str+4}
 40678 | Elf:3    | Identified the +6 morningstar "Ylait" {pain, Int+3}
 41000 | Elf:3    | Reached skill level 18 in Shields
 41139 | Elf:3    | Identified the +4 dire flail of Watchfulness {freeze, rElec
                  | Str-2 Int+3}
 41139 | Elf:3    | Identified the ring "Naj Rail" {Str+2 Dex+3 Stlth-}
 41546 | Elf:3    | Identified the Collected Works on the Unstable Rocks
 41657 | Elf:3    | Identified the Almanac of Boosts and Changing
 42245 | Vaults:1 | Entered Level 1 of the Vaults
 42422 | Vaults:1 | Received a gift from Trog
 42432 | Vaults:1 | Got a fine battleaxe {god gift}
 43363 | Vaults:2 | Received a gift from Trog
 43399 | Vaults:2 | Reached XP level 20. HP: 188/188 MP: 19/19
 43420 | Vaults:2 | Reached skill level 19 in Shields
 43644 | Vaults:2 | Received a gift from Trog
 43653 | Vaults:2 | Found Peacimes's Antique Armour Boutique.
 43679 | Vaults:2 | Identified the +3 battleaxe of the Boiling Point {drain,
                  | Int+6} (Trog gifted it to you on level 1 of the Vaults)
 44158 | Vaults:2 | Found a staircase to the Crypt.
 44389 | Vaults:2 | Received a gift from Trog
 44678 | Vaults:3 | Found a runed gate.
 44678 | Vaults:3 | Found a runed gate.
 44678 | Vaults:3 | Found a runed gate.
 45387 | Vaults:3 | Reached skill level 20 in Shields
 45398 | Vaults:3 | Received a gift from Trog
 45413 | Vaults:3 | Found a runed gate.
 45413 | Vaults:3 | Found a runed gate.
 45417 | Vaults:3 | Found a runed gate.
 45435 | Vaults:3 | Noticed Ojaxim's ghost (adept MiFi)
 45455 | Vaults:3 | Lost mutation: Armour fits poorly on your strangely shaped
                  | body. [a cacodemon]
 45472 | Vaults:3 | Killed Ojaxim's ghost
 45506 | Vaults:3 | Lost mutation: You are resistant to electric shocks.
                  | (rElec) [potion of mutation]
 45506 | Vaults:3 | Lost mutation: You are clumsy. (Dex -2) [potion of
                  | mutation]
 45506 | Vaults:3 | Gained mutation: You are occasionally teleported next to
                  | monsters. [potion of mutation]
 45506 | Vaults:3 | Gained mutation: Your system is resistant to poisons.
                  | (rPois) [potion of mutation]
 45506 | Vaults:3 | Gained mutation: You are dopey. (Int -2) [potion of
                  | mutation]
 45506 | Vaults:3 | Gained mutation: You possess an exceptional clarity of
                  | mind. [potion of mutation]
 45507 | Vaults:3 | Lost mutation: You are dopey. (Int -2) [potion of mutation]
 45507 | Vaults:3 | Lost mutation: You possess an exceptional clarity of mind.
                  | [potion of mutation]
 45507 | Vaults:3 | Lost mutation: Your system is resistant to poisons. (rPois)
                  | [potion of mutation]
 45507 | Vaults:3 | Lost mutation: You are occasionally teleported next to
                  | monsters. [potion of mutation]
 45507 | Vaults:3 | Gained mutation: Your muscles are strong. (Str +2) [potion
                  | of mutation]
 45507 | Vaults:3 | Gained mutation: Your mind is acute. (Int +2) [potion of
                  | mutation]
 45535 | Vaults:3 | Gained mutation: Your body sometimes deteriorates upon
                  | taking damage. [mutagenic glow]
 45591 | Vaults:4 | Gained mutation: Your magical capacity is low. (-10% MP)
                  | [mutagenic glow]
 45800 | Vaults:4 | Found a roughly hewn altar of Beogh.
 45825 | Vaults:4 | Reached XP level 21. HP: 184/196 MP: 17/17
 46028 | Vaults:4 | Received a gift from Trog
 46094 | Vaults:4 | Noticed Frederick
 46117 | Vaults:4 | Killed Frederick
 46840 | Vaults:5 | Entered Level 5 of the Vaults
 46928 | Vaults:5 | Reached skill level 21 in Shields
 46952 | Vaults:5 | Noticed a golden dragon
 46969 | Vaults:5 | Killed a golden dragon
 46969 | Vaults:5 | Received a gift from Trog
 46971 | Vaults:5 | Noticed a golden dragon
 46971 | Vaults:5 | Noticed a golden dragon
 46976 | Vaults:5 | Killed a golden dragon
 46994 | Vaults:5 | Killed a golden dragon
 47009 | Vaults:5 | Received a gift from Trog
 47013 | Vaults:5 | Noticed Margery
 47028 | Vaults:5 | Killed Margery
 47028 | Vaults:5 | Reached XP level 22. HP: 207/207 MP: 18/18
 47207 | Vaults:5 | Found Nugubb's Weapon Shoppe.
 47222 | Vaults:5 | Identified the cursed +1 triple crossbow "Rummage" {speed,
                  | rPois}
 47399 | Vaults:5 | Noticed an ancient lich
 47412 | Vaults:5 | Killed an ancient lich
 47449 | Vaults:5 | Reached skill level 22 in Shields
 47487 | Vaults:5 | Received a gift from Trog
 47829 | Vaults:5 | Identified the +8 morningstar "Pebuda" {antimagic, *Slow
                  | rPois Str+4}
 48055 | Vaults:5 | Received a gift from Trog
 48146 | Vaults:5 | Identified the ring "Wuheh" {rPois MR+}
 48146 | Vaults:5 | Noticed Jory
 48175 | Vaults:5 | Killed Jory
 48619 | Vaults:5 | Got a silver rune of Zot
 49021 | Vaults:5 | Identified the Incunabulum of Transmutation and Clay
 49378 | Crypt:1  | Entered Level 1 of the Crypt
 49597 | Crypt:1  | Received a gift from Trog
 49742 | Crypt:1  | Reached XP level 23. HP: 201/217 MP: 19/19
 50186 | Crypt:1  | Noticed Mennas
 50245 | Crypt:1  | Killed Mennas
 50245 | Crypt:1  | Reached skill level 23 in Shields
 50767 | Crypt:2  | Received a gift from Trog
 52392 | Crypt:2  | Found an ancient bone altar of Kikubaaqudgha.
 52578 | Crypt:2  | Received a gift from Trog
 52881 | Crypt:3  | Entered Level 3 of the Crypt
 53069 | Crypt:3  | Got a slimy garnet amulet
 53083 | Crypt:3  | Identified the amulet "Cekhlyage" {Reflect rPois rC- MR+
                  | SH+2} (You found it on level 3 of the Crypt)
 53248 | Crypt:3  | Found an ancient bone altar of Kikubaaqudgha.
 53571 | Crypt:3  | Found a staircase to the Tomb.
 54754 | Crypt:3  | Received a gift from Trog
 55315 | Crypt:3  | Noticed an ancient lich
 55317 | Crypt:3  | Noticed an ancient lich
 55326 | Crypt:3  | Killed an ancient lich
 55329 | Crypt:3  | Killed an ancient lich
 55329 | Crypt:3  | Reached skill level 24 in Shields
 55342 | Crypt:3  | Got a slimy iron ring
 55360 | Crypt:3  | Got a steaming whip
 55371 | Crypt:3  | Reached XP level 24. HP: 223/223 MP: 19/19
 58103 | Crypt:3  | Identified the Guide on the Igneous Escort
 58272 | D:12     | Bought a scroll of teleportation for 39 gold pieces
 58272 | D:12     | Bought a scroll of teleportation for 39 gold pieces
 58272 | D:12     | Bought a scroll of fear for 45 gold pieces
 58272 | D:12     | Bought a scroll of blinking for 97 gold pieces
 58272 | D:12     | Bought a scroll of teleportation for 39 gold pieces
 58272 | D:12     | Bought a scroll of blinking for 97 gold pieces
 58377 | Orc:2    | Bought a scroll of enchant armour for 112 gold pieces
 58377 | Orc:2    | Bought 2 scrolls of teleportation for 90 gold pieces
 58377 | Orc:2    | Bought 3 scrolls of teleportation for 135 gold pieces
 58377 | Orc:2    | Bought a scroll of teleportation for 45 gold pieces
 58390 | Orc:2    | Bought a scroll of holy word for 97 gold pieces
 58676 | D:6      | Bought a scroll of teleportation for 39 gold pieces
 58676 | D:6      | Bought a scroll of teleportation for 39 gold pieces
 58676 | D:6      | Bought a scroll of teleportation for 39 gold pieces
 59155 | Vaults:5 | Identified the ring of Dutifinu {rC+ rN+} (You found it on
                  | level 3 of the Crypt)
 59590 | Slime:1  | Entered Level 1 of the Pits of Slime
 59637 | Slime:1  | Gained mutation: You are frail. (-10% HP) [a shining eye]
 59638 | Slime:1  | Lost mutation: Your muscles are strong. (Str +2) [a shining
                  | eye]
 59641 | Slime:1  | Gained mutation: You do not regenerate when monsters are
                  | visible. [a shining eye]
 59643 | Slime:1  | Gained mutation: You are very frail. (-20% HP) [a shining
                  | eye]
 59989 | Slime:2  | Gained mutation: Your magical capacity is very low. (-20%
                  | MP) [a shining eye]
 59993 | Slime:2  | Gained mutation: You are occasionally teleported next to
                  | monsters. [a shining eye]
 60732 | Slime:5  | Entered Level 5 of the Pits of Slime
 60851 | Slime:5  | Noticed the Royal Jelly
 60879 | Slime:5  | Killed the Royal Jelly
 60967 | Slime:5  | Received a gift from Trog
 61020 | Slime:5  | Got a slimy rune of Zot
 61093 | Slime:5  | Identified the Papyrus of Protection
 61097 | Slime:5  | Gained mutation: You occasionally shout uncontrollably at
                  | your foes. [a shining eye]
 61100 | Slime:5  | Gained mutation: Your body often deteriorates upon taking
                  | damage. [a shining eye]
 61171 | Slime:5  | Gained mutation: You are extremely frail. (-30% HP) [a
                  | shining eye]
 61174 | Slime:5  | Lost mutation: Your mind is acute. (Int +2) [a shining eye]
 61310 | Slime:5  | Gained mutation: Your magical capacity is extremely low.
                  | (-30% MP) [a shining eye]
 61311 | Slime:5  | Gained mutation: Scrolls take you a little longer to read.
                  | [a shining eye]
 61832 | Depths:1 | Entered Level 1 of the Depths
 61832 | Depths:1 | Found a gateway to a ziggurat.
 61898 | Depths:1 | Found a one-way gate to the infinite horrors of the Abyss.
 61898 | Depths:1 | Noticed Louise
 61921 | Depths:1 | Killed Louise
 62267 | Depths:1 | Voluntarily entered the Abyss.
 62372 | Abyss:1  | Gained mutation: You sometimes yell uncontrollably at your
                  | foes. [a neqoxec]
 62373 | Abyss:1  | Gained mutation: Armour fits poorly on your strangely
                  | shaped body. [a neqoxec]
 62706 | Depths:1 | Escaped the Abyss
 62830 | Depths:1 | Voluntarily entered the Abyss.
 62991 | Abyss:1  | Reached skill level 25 in Shields
 62997 | Abyss:1  | Received a gift from Trog
 63080 | Abyss:1  | Lost intelligence.
 63092 | Abyss:1  | HP: 4/156 [starcursed mass/accursed screaming (9)]
 63197 | Depths:1 | Escaped the Abyss
 63199 | Depths:1 | HP: 5/161 [efreet/fireball (12)]
 63200 | Depths:1 | Killed from afar by an efreet

Vault maps used:
D:1:      lemuel_arrival_funnel, minmay_misc_feat_secret_circle
D:2:      uniq_sigmund, uniq_natasha
D:3:      zin_purify
D:4:      serial_shops, kennysheep_mini_moat, uniq_edmund, uniq_ijyb,
          uniq_crazy_yiuf_cottage, uniq_blork_the_orc
D:5:      lightli_sewer_entry_pipes, first_ration, serial_shops,
          nicolae_shop_crystal, nemelex_altar_shiori, uniq_pikel
D:6:      kennysheep_steamy, old_standard_altar, serial_shops,
          nicolae_shop_stone, enter_ossuary_5, chequers_decorated_corner,
          grunt_ministairs_10
D:7:      minmay_temple_entry_stoned_glass, basic_altar
D:8:      cheibrodos_frozen_isle, fedhas_ov_isle_minmay, david_lair_shrubbed
D:9:      elyvilon_altar_4, david_nohive_1, eino_house_with_fridge
D:10:     serial_co_window_serial, co_window_paths_a, co_window_paths_a,
          co_window_corner_a, co_window_paths_a, co_window_paths_b,
          co_window_paths_b, co_window_paths_a, co_window_broadway_b,
          co_window_broadway_c, co_window_cross_3, co_window_paths_d,
          glass_columns_a, glass_columns_a, glass_columns_b, glass_columns_a
D:11:     special_room
D:12:     evilmike_diamond_1, minmay_orc_entry_temple_small, serial_shops,
          nicolae_shop_trees, abandoned_shop
D:13:     gammafunk_ghost_stat_death
D:14:     minmay_recursive_quarters, david_vaults_3, serial_glass,
          glass_columns_b, glass_columns_a, serial_shops, shop,
          dk_noncrumbling_4, minmay_misc_feat_tower, minivault_15,
          lemuel_altar_in_water
D:15:     grunt_enter_depths_magical_seal, minmay_door_square,
          minmay_three_doors
Lair:1:   grunt_forest_large_clearings
Lair:2:   swamp_mist_pool, nicolae_quartered_pool_super, roderic_carrion_pond
Lair:3:   serial_rivers, chequers_serial_rivers_small_3,
          chequers_serial_rivers_room_b, chequers_serial_rivers_small_a,
          chequers_serial_rivers_micro_b, portal_ice_cave_entry_pillars_2,
          st_stairs_6, serial_bayou_pond_a, minivault_29
Lair:4:   dummy_spider_entry, lab_entry_generic, grunt_megastairs_5,
          serial_bayou_shore_a, infiniplex_staircase_pool_2,
          serial_bayou_shore_b, minmay_lair_oklob_chamber, uniq_josephine
Lair:6:   guppyfry_lair_end_dragon, hangedman_lair_tendril_chambers,
          slime_altar_1
Swamp:1:  nicolae_swamp_trees_clearing
Swamp:2:  evilmike_swamp_ruin_house_3
Swamp:3:  basic_altar, swamp_pool5, uniq_jorgrun
Swamp:4:  swamp_pestilence
Spider:1: ebering_ghost_xom, spiders_nest_hornet_nest
Spider:4: spider_rune_water, uniq_agnes
Orc:1:    orc_temple, mines2_david
Orc:2:    st_orc_town, serial_shops, shop, mines1_david
Elf:1:    eino_elf_arrival_customs, basic_altar, orc_legates,
          small_chamber_with_monster, grunt_megastairs_2
Elf:2:    special_room, guppyfry_elf_castle
Elf:3:    minmay_elf_hall_quartered_circle, basic_altar
Vaults:1: v_misc_15, ontoclasm_vaults_chip, v_rooms_5,
          nicolae_vaults_little_squares_1, v_misc_33, v_alt_pattern_1,
          vaults_room_corners, v_pattern_4, hangedman_vaults_pinch,
          nicolae_vaults_shelves_hall, nicolae_vaults_little_squares_2,
          nicolae_vaults_specimen_jars
Vaults:2: nicolae_vaults_ninety_degrees, minmay_crypt_entry_simple_round,
          v_misc_30, v_misc_22, serial_ice_m, nicolae_vaults_angled_halls,
          hangedman_vaults_locks, vaults_mumra_hex, vaults_dpeg_ring,
          v_alt_pattern_6, special_room_vaults, serial_shops, nicolae_shop_stone
Vaults:3: ploomutoo_gammafunk_vaults_potion_laboratory, vaults_room_door_hall,
          nicolae_vaults_big_angled_halls, v_misc_26, v_misc_4,
          hangedman_vaults_impose, ontoclasm_vaults_eye,
          nicolae_vaults_little_squares_6, ontoclasm_vaults_tryst,
          dpeg_vaults_monster_box
Vaults:4: nicolae_vaults_little_squares_6, v_misc_13, v_rooms_1,
          special_room_vaults, ontoclasm_vaults_hangar, uniq_frederick
Vaults:5: uniq_margery, uniq_jory
Crypt:1:  uniq_mennas
Crypt:2:  cheibrodos_crypt_down_in_the_bonehoard, special_room
Crypt:3:  evilmike_haunted_forest
Depths:1: enter_ziggurat_c, hell_entry, nicolae_abyss_entry_one_way_or_another,
          corexii_leaking_fountain, minmay_the_grid_square_5x5_3x3_mashed,
          firewood_loft, minmay_shop_grove, grunt_megastairs_3
Lab:      nicolae_lab_dead_adventurers, labyrinth_glass_1,
          nicolae_lab_starburst, lab_statue
Ossuary:  ossuary_minmay_chase
IceCv:    ice_cave_statue_garden_transporter

Skill      XL: |  1  2  3  4  5  6  7  8  9 10 11 12 13 14 15 16 17 18 19 20 21 22 23 24 |
---------------+-------------------------------------------------------------------------+-----
Axes           | 4 5 6 8 9 11 13 14 16 17 18 19 20 21 22 23 24 | 24.0
Fighting       | 4 5 6 7 8 9 11 12 13 14 15 16 17 18 19 20 21 22 | 22.0
Armour         | 3 4 6 8 9 10 11 13 14 15 16 17 18 19 20 21 | 21.6
Dodging        | 3 4 5 6 7 8 9 11 12 13 14 15 16 17 18 19 20 | 20.1
Shields        | 2 8 11 13 15 17 18 20 21 22 24 25 | 25.0

Action                   |  1- 3 |  4- 6 |  7- 9 | 10-12 | 13-15 | 16-18 | 19-21 | 22-24 || total
-------------------------+-------+-------+-------+-------+-------+-------+-------+-------++-------
Melee: Hand axe          |    42 |   119 |   338 |       |       |       |       |       ||   499
       Headbutt          |     5 |    19 |    81 |    74 |   296 |   495 |   414 |   783 ||  2167
       War axe           |       |       |    38 |   443 |  1304 |   985 |       |       ||  2770
       Battleaxe         |       |       |       |    56 |    13 |       |       |       ||    69
       Broad axe         |       |       |       |       |       |   846 |  1217 |  1876 ||  3939
Invok: Berserk           |     1 |     1 |     4 |    12 |    12 |    11 |     3 |     6 ||    50
       Trog's Hand       |       |     1 |       |     7 |     8 |     6 |     4 |     5 ||    31
       Brothers in Arms  |       |       |       |       |     2 |     8 |     7 |    16 ||    33
 Abil: Evoke Blink       |       |       |       |       |       |       |       |     2 ||     2
Evoke: Wand              |       |       |       |     4 |     1 |     1 |       |       ||     6
  Use: Scroll            |       |       |    23 |    11 |    23 |     5 |     8 |    25 ||    95
       Potion            |       |       |       |       |     5 |    11 |     3 |    11 ||    30
 Stab: Held in net/web   |       |       |       |       |       |     1 |       |       ||     1
       Distracted        |       |       |       |       |       |       |     2 |     7 ||     9
  Eat: Chunk             |       |     7 |    14 |    29 |    40 |    26 |    16 |    14 ||   146
       Ration            |       |       |     1 |     2 |     5 |    12 |     4 |    18 ||    42
Armor: Ring mail         |    11 |    27 |   108 |   169 |    37 |       |       |       ||   352
       Animal skin       |     1 |       |       |       |       |       |       |       ||     1
       Crystal plate arm |       |       |       |       |   240 |       |       |       ||   240
       Plate armour      |       |       |       |       |    73 |   159 |   222 |   403 ||   857
       Swamp dragon scal |       |       |       |       |       |   556 |       |       ||   556
Dodge: Dodged            |    30 |    85 |   211 |   385 |   289 |   777 |   384 |   575 ||  2736
       Deflected         |       |       |       |     5 |     8 |    36 |    33 |    36 ||   118
Block: Other             |       |       |    28 |   143 |    12 |       |       |       ||   183
       Reflection        |       |       |       |     4 |    34 |    83 |   140 |    59 ||   320
       Shield            |       |       |       |       |   959 |  2009 |  1177 |  1660 ||  5805

Table legend:
 A = Non-vault XP
 B = Vault XP
 C = Vault XP percentage of total XP
 D = Non-vault monster count
 E = Vault monster count
 F = Vault count percentage of total count
                 A         B        C        D         E       F
            +---------+---------+-------+---------+---------+-------
      Total |  500295 |  629147 |  55.7 |    1311 |    1084 |  45.3
            +---------+---------+-------+---------+---------+-------
        D:1 |      25 |       0 |   0.0 |      15 |       0 |   0.0
        D:2 |     111 |     256 |  69.8 |      25 |       2 |   7.4
        D:3 |     111 |       0 |   0.0 |      20 |       0 |   0.0
        D:4 |     253 |     332 |  56.8 |      15 |       4 |  21.1
        D:5 |     668 |     744 |  52.7 |      21 |      13 |  38.2
        D:6 |     703 |     397 |  36.1 |      13 |       4 |  23.5
        D:7 |    1147 |       0 |   0.0 |      26 |       0 |   0.0
        D:8 |     817 |     367 |  31.0 |      20 |       1 |   4.8
        D:9 |     917 |    2513 |  73.3 |      12 |      52 |  81.2
       D:10 |    1587 |       0 |   0.0 |      22 |       0 |   0.0
       D:11 |    6816 |    1504 |  18.1 |      40 |      20 |  33.3
       D:12 |    2898 |   10044 |  77.6 |      18 |      33 |  64.7
       D:13 |    5584 |    1505 |  21.2 |      36 |       6 |  14.3
       D:14 |   10391 |    9979 |  49.0 |      48 |      29 |  37.7
       D:15 |    8591 |    8709 |  50.3 |      26 |      12 |  31.6
     Lair:1 |    5117 |    2228 |  30.3 |      21 |      18 |  46.2
     Lair:2 |    3672 |     857 |  18.9 |      10 |       7 |  41.2
     Lair:3 |     602 |    4523 |  88.3 |       5 |      35 |  87.5
     Lair:4 |    4139 |    2561 |  38.2 |      19 |      10 |  34.5
     Lair:5 |    3695 |       0 |   0.0 |      15 |       0 |   0.0
     Lair:6 |   11726 |   13827 |  54.1 |      42 |      47 |  52.8
    Swamp:1 |    5723 |       0 |   0.0 |      17 |       0 |   0.0
    Swamp:2 |   10958 |       0 |   0.0 |      21 |       0 |   0.0
    Swamp:3 |    8452 |    3079 |  26.7 |      18 |       4 |  18.2
    Swamp:4 |   14855 |   15569 |  51.2 |      32 |      43 |  57.3
   Spider:1 |   12632 |    4352 |  25.6 |      38 |       8 |  17.4
   Spider:2 |   14013 |       0 |   0.0 |      31 |       0 |   0.0
   Spider:3 |   15407 |       0 |   0.0 |      41 |       0 |   0.0
   Spider:4 |    7154 |   21633 |  75.1 |      21 |      40 |  65.6
    Slime:1 |   16087 |       0 |   0.0 |      26 |       0 |   0.0
    Slime:2 |    9494 |       0 |   0.0 |      17 |       0 |   0.0
    Slime:3 |    1834 |       0 |   0.0 |       7 |       0 |   0.0
    Slime:4 |    1237 |       0 |   0.0 |       2 |       0 |   0.0
    Slime:5 |   14336 |   28954 |  66.9 |      24 |      11 |  31.4
      Orc:1 |    3008 |    6641 |  68.8 |      45 |      34 |  43.0
      Orc:2 |    3929 |    5794 |  59.6 |      42 |      60 |  58.8
      Elf:1 |    4144 |   20616 |  83.3 |       8 |      34 |  81.0
      Elf:2 |   14689 |   42789 |  74.4 |      27 |      55 |  67.1
      Elf:3 |    8792 |   45891 |  83.9 |      15 |      34 |  69.4
   Vaults:1 |   16643 |   19280 |  53.7 |      29 |      36 |  55.4
   Vaults:2 |   34725 |   23613 |  40.5 |      57 |      70 |  55.1
   Vaults:3 |   11565 |   38454 |  76.9 |      29 |      43 |  59.7
   Vaults:4 |   33740 |   22466 |  40.0 |      50 |      38 |  43.2
   Vaults:5 |   39487 |  138593 |  77.8 |      52 |      92 |  63.9
    Crypt:1 |   40359 |    7787 |  16.2 |      54 |       1 |   1.8
    Crypt:2 |   17023 |   49337 |  74.3 |      27 |      52 |  65.8
    Crypt:3 |       0 |   68122 | 100.0 |       0 |     101 | 100.0
   Depths:1 |   15554 |    1572 |   9.2 |      19 |       1 |   5.0
    Abyss:1 |   40602 |     591 |   1.4 |      66 |       2 |   2.9
    Abyss:2 |   14283 |       0 |   0.0 |      27 |       0 |   0.0
        Lab |       0 |    1668 | 100.0 |       0 |       3 | 100.0
    Ossuary |       0 |      79 | 100.0 |       0 |      21 | 100.0
      IceCv |       0 |    1921 | 100.0 |       0 |       8 | 100.0
            +---------+---------+-------+---------+---------+-------
